 Dungeon Crawl Stone Soup version 0.32-a0-616-g9348d4545b (webtiles) character file.

Game seed: 3017887212389895265

10224 runemasterragnar the Slicer (level 11, -1/136 HPs)
             Began as a Coglin Gladiator on Mar 6, 2024.
             Was a High Priest of Okawaru.
             Shot with an arrow by a centaur (4 damage)
             ... on level 11 of the Dungeon.
             The game lasted 00:15:26 (10274 turns).

runemasterragnar the Slicer (Coglin Gladiator)     Turns: 10274, Time: 00:15:27

Health: -1/136     AC: 25    Str: 19    XL:     11   Next: 58%
Magic:  11/11      EV:  2    Int:  7    God:    Okawaru [*****.]
Gold:   756        SH:  0    Dex: 16    Spells: 10/10 levels left

rFire   . . .        r - +3 double sword (elec) {Noor}
rCold   . . .        u - +1 dagger (venom) {Zihan}
rNeg    . . .        G - melded +3 scale mail
rPois   +            c - melded +0 helmet
rElec   .            (cloak currently unavailable)
rCorr   .            g - melded +0 pair of gloves
SInv    .            x - melded +0 pair of boots
Will    .....        (no amulet)
Stlth   +            (no ring)
HPRegen 0.42/turn    (no ring)
MPRegen 0.12/turn    (no gizmo)

%: no passive effects
@: tree-form, revving
A: stationary, stasis, torment immunity, boosted hp, off-hand wielding, slow
wielding, warmup strikes, (no jewellery), (iridescent scales 1), (cold
resistance 1)
a: Invent Gizmo, Renounce Religion, Heroism, Finesse, Duel


You were on level 11 of the Dungeon.
You worshipped Okawaru.
Okawaru was extremely pleased with you.
You were a tree.
You visited 1 branch of the dungeon, and saw 11 of its levels.
You also visited: Sewer.

You collected 945 gold pieces.
You spent 189 gold pieces at shops.

Inventory:

Hand Weapons
 a - a +0 long sword {Chinhae}
 f - a +0 dagger {Úrsula}
 h - a +2 scimitar of holy wrath {Anan}
 l - a +2 dagger of speed {Appia}
 r - a +3 double sword of electrocution (weapon) {Noor}
 u - a +1 dagger of venom (offhand) {Zihan}
Missiles
 d - 3 throwing nets
 e - a javelin (quivered)
 F - a silver javelin
 K - 14 poisoned darts
 L - 4 curare-tipped darts
Armour
 c - a +0 helmet (melded)
 g - a +0 pair of gloves (melded)
 x - a +0 pair of boots (melded)
 z - the +1 ring mail of the Gloaming {^Drain rC++ Int+5}
   (You bought it in a shop on level 4 of the Dungeon)

   Int+5:     It affects your intelligence (+5).
   rC++:      It greatly protects you from cold.
   ^Drain:    It drains your maximum health when unequipped.
 G - a +3 scale mail (melded)
Wands
 n - a wand of iceblast (6)
 t - a wand of mindburst (7)
 D - a wand of paralysis (5)
 H - a wand of quicksilver (8)
 J - a wand of polymorph (2)
Scrolls
 b - 4 scrolls of identify {unknown}
 j - 2 scrolls of fear {unknown}
 k - 3 scrolls of immolation
 o - 3 scrolls of revelation
 p - 2 scrolls of summoning
 q - 2 scrolls of teleportation
 s - a scroll of enchant armour {unknown}
 y - a scroll of vulnerability
 A - 2 scrolls of enchant weapon {unknown}
 C - 2 scrolls of poison {unknown}
 E - 2 scrolls of blinking {unknown}
 I - a scroll of amnesia {unknown}
Potions
 i - a potion of lignification
 m - 2 potions of brilliance
 v - 2 potions of magic
 w - 3 potions of enlightenment
 B - a potion of might


   Skills:
 + Level 10.2 Fighting
 - Level 13.0(14.0) Short Blades
 * Level 9.2(12.8) Long Blades
 + Level 3.1 Throwing
 + Level 2.6 Armour
 - Level 2.6 Dodging
 + Level 3.9 Evocations


You had 10 spell levels left.
You didn't know any spells.
Your spell library contained the following spells:

 Spells                   Type           Power      Damage    Failure   Level
 Freeze                   Ice            0%         1d3       43%         1
 Ensorcelled Hibernation  Hex/Ice        0%         N/A       56%         2
 Frozen Ramparts          Ice            0%         1d1       80%         3
 Hailstorm                Conj/Ice       0%         3d5       80%         3
 Passwall                 Erth           0%         N/A       80%         3
 Swiftness                Air            0%         N/A       80%         3


Dungeon Overview and Level Annotations

Branches:
Dungeon (11/15)            Temple (0/1) D:4            Lair (0/5) D:8
    Orc (0/2) D:10          Sewer (visited)

Altars:
Cheibriados
Dithmenos
Fedhas
Kikubaaqudgha
Makhleb
Okawaru
Qazlal
Ru
Sif Muna
Trog
Vehumet
Wu Jian
Xom
The Shining One

Shops:
D:4 [[:*

Portals:
Trove: D:10 (give 2 scrolls of acquirement)

Annotations:
D:7 Jeremiah


Innate Abilities, Weirdness & Mutations

You are a tree.
Your roots penetrate the ground, keeping you stationary.
You cannot be teleported.
You are immune to unholy pain and torment.
Your maximum health is greatly increased.
Your equipment is partially melded.
You can wield a second weapon in your off-hand.
It takes a long time for you to wield or remove held weapons.
Your first few attacks do less damage.
((You cannot equip rings or amulets.))
((You are partially covered in iridescent scales. (AC +2)))
((Your flesh is cold resistant. (rC+)))


Message History

The boulder beetle hits you!!!
Ouch! That really hurt!
* * * LOW HITPOINT WARNING * * *
The boulder beetle stops rolling and uncurls.
You slice the boulder beetle with your +3 double sword of electrocution!!
The boulder beetle is severely wounded.
You hit the boulder beetle but do no damage.
The boulder beetle is poisoned.
The boulder beetle bites you!
* * * LOW HITPOINT WARNING * * *
Unknown command.
Okay, then.
You turn into a tree.
Your +0 helmet melds into your body.
Your +0 pair of gloves melds into your body.
Your +0 pair of boots melds into your body.
Your +3 scale mail melds into your body.
Your roots penetrate the ground.
The boulder beetle bites you!
* * * LOW HITPOINT WARNING * * *
Unknown command.
Unknown command.
You slash the boulder beetle with your +3 double sword of electrocution!
The boulder beetle is almost dead.
You hit the boulder beetle but do no damage.
The boulder beetle looks as sick as possible!
You kill the boulder beetle!
Okawaru is honoured by your kill.
The centaur shoots an arrow.
The arrow hits you but does no damage.
Your Throwing skill increases to level 3!
Aiming: Paralyse
Press: ? - help, Shift-Dir - straight line, f - centaur
Aim: a centaur, wielding a +0 shortbow (chance to affect: 59%)
The centaur resists with significant effort.
The centaur shoots an arrow.
The arrow hits you but does no damage.
Unknown command.
Aiming: Paralyse
Press: ? - help, Shift-Dir - straight line, f/p - centaur
Aim: a centaur, wielding a +0 shortbow (chance to affect: 59%)
The centaur resists with significant effort.
The centaur shoots an arrow.
The arrow hits you but does no damage.
The centaur shoots an arrow.
The arrow hits you.
You die...

#.... #.... #
# #.... #. ##.
####### #>...
#. ##.#
#.....# #....
#.. ##..#
#.###.#####.##
.○ ..<# #.#
#.......#
##.##.##$###.#
#########
......c)♣....#
.#.##.##.#####
.. ...#
..##.#### .# #


You could see a centaur.

Vanquished Creatures
  A boulder beetle (D:11)
  Sonja (D:10)
  Pikel (D:8)
  A cyclops (D:10)
  Joseph (D:7)
  Maggie (D:9)
  An unseen horror (D:10)
  A gargoyle (D:10)
  A kobold demonologist (D:10)
  Psyche (D:9)
  Grinder (D:3)
  Sigmund (D:5)
  2 wyverns (D:8)
  2 wraiths
  5 yaks (D:10)
  A spriggan (shapeshifter) (D:9)
  Grum (D:8)
  3 steam dragons
  An orc warrior (D:10)
  4 sky beasts
  2 black bears
  An ice beast (D:6)
  3 ogres
  3 wolves (D:8)
  6 centaurs
  A phantom (D:4)
  5 kobold brigands
  2 bullfrogs
  6 scorpions
  A gnoll sergeant (D:9)
  4 wights (D:7)
  3 killer bees (D:8)
  8 howler monkeys
  A bombardier beetle (D:5)
  3 jellies (D:6)
  5 orc priests
  A gnoll bouda (D:6)
  3 hounds
  2 iguanas
  A sleepcap (D:6)
  Jessica (D:2)
  8 orc wizards
  11 gnolls
  A river rat (Sewer)
  8 adders
  2 shadow imps
  6 ufetubi
  3 dart slugs
  6 ribbon worms
  27 orcs
  7 ball pythons
  6 endoplasms
  4 giant cockroaches
  6 goblins
  5 hobgoblins
  4 jackals
  16 kobolds
  3 quokkas
  9 bats
  A frilled lizard (Sewer)
  11 rats
237 creatures vanquished.

Notes
Turn   | Place    | Note
-------+----------+-------------------------------------------
     0 | D:1      | runemasterragnar the Coglin Gladiator began the quest for
                  | the Orb.
     0 | D:1      | Reached XP level 1. HP: 16/16 MP: 1/1
   253 | D:1      | Reached XP level 2. HP: 21/22 MP: 2/2
   984 | D:2      | Reached skill level 1 in Short Blades
   984 | D:2      | Reached XP level 3. HP: 22/28 MP: 3/3
  1057 | D:2      | Noticed Jessica
  1067 | D:2      | Killed Jessica
  1068 | D:2      | Reached skill level 2 in Short Blades
  1068 | D:2      | Reached XP level 4. HP: 26/34 MP: 4/4
  1273 | D:2      | Reached skill level 3 in Short Blades
  1746 | D:3      | Found a faded altar of an unknown god.
  1768 | D:3      | Noticed Grinder
  1789 | D:3      | Killed Grinder
  1790 | D:3      | Reached skill level 5 in Short Blades
  1790 | D:3      | Reached XP level 5. HP: 37/42 MP: 5/5
  1790 | D:3      | Reached XP level 6. HP: 42/48 MP: 6/6
  1880 | D:3      | Found a glowing drain.
  1899 | Sewer    | Entered a sewer
  2209 | Sewer    | Reached skill level 6 in Short Blades
  2489 | D:3      | Found a snail-covered altar of Cheibriados.
  2494 | D:3      | Found an iron altar of Okawaru.
  2531 | D:3      | Became a worshipper of Warmaster Okawaru
  2868 | D:4      | Found Igacrut's Antique Armour Emporium.
  3097 | D:4      | Reached XP level 7. HP: 51/55 MP: 7/7
  3111 | D:4      | Bought a jewelled ring mail for 189 gold pieces
  3111 | D:4      | Identified the +1 ring mail of the Gloaming {^Drain rC++
                  | Int+5} (You bought it in a shop on level 4 of the Dungeon)
  3135 | D:4      | Found a staircase to the Ecumenical Temple.
  3143 | D:4      | Reached skill level 7 in Short Blades
  3223 | D:4      | Found Lool's Armour Shoppe.
  3318 | D:4      | Found a radiant altar of Vehumet.
  3506 | D:4      | Found Izyschuj's Book Shop.
  3558 | D:4      | Found a shimmering altar of Xom.
  3558 | D:4      | Found an ornate altar of the Wu Jian Council.
  3559 | D:4      | Found a shadowy altar of Dithmenos.
  3572 | D:4      | Reached * piety under Okawaru
  3628 | D:4      | Found Yziupic's Assorted Antiques.
  3761 | D:4      | Reached skill level 8 in Short Blades
  3925 | D:5      | Entered Level 5 of the Dungeon
  4049 | D:5      | Reached skill level 5 in Fighting
  4175 | D:5      | Noticed Sigmund
  4183 | D:5      | Killed Sigmund
  4184 | D:5      | Reached XP level 8. HP: 58/63 MP: 8/8
  4239 | D:5      | Reached skill level 9 in Short Blades
  4605 | D:5      | Reached ** piety under Okawaru
  4755 | D:5      | Reached skill level 10 in Short Blades
  5157 | D:6      | Found a sacrificial altar of Ru.
  5157 | D:6      | Found a stormy altar of Qazlal.
  5166 | D:6      | Found an ancient bone altar of Kikubaaqudgha.
  5168 | D:6      | Found a faded altar of an unknown god.
  5170 | D:6      | Found a faded altar of an unknown god.
  5312 | D:6      | Reached skill level 11 in Short Blades
  5332 | D:6      | Reached XP level 9. HP: 31/71 MP: 9/9
  5514 | D:6      | Identified the +7 quarterstaff of the Scroll {drain, rF+
                  | Str+3}
  5579 | D:6      | Found a blossoming altar of Fedhas.
  5585 | D:6      | Found a bloodstained altar of Trog.
  5587 | D:6      | Found a burning altar of Makhleb.
  5588 | D:6      | Found a glowing golden altar of the Shining One.
  5589 | D:6      | Found a shimmering blue altar of Sif Muna.
  5663 | D:6      | Reached *** piety under Okawaru
  5670 | D:6      | Reached skill level 12 in Short Blades
  6066 | D:7      | Gained mutation: Armour fits poorly on your strangely
                  | shaped body. [potion of mutation]
  6066 | D:7      | Gained mutation: You are partially covered in iridescent
                  | scales. (AC +2) [potion of mutation]
  6066 | D:7      | Gained mutation: You passively map a small area around you.
                  | [potion of mutation]
  6067 | D:7      | Lost mutation: You passively map a small area around you.
                  | [potion of mutation]
  6067 | D:7      | Lost mutation: You are partially covered in iridescent
                  | scales. (AC +2) [potion of mutation]
  6067 | D:7      | Lost mutation: Armour fits poorly on your strangely shaped
                  | body. [potion of mutation]
  6067 | D:7      | Gained mutation: You have hidden genetic potential. [potion
                  | of mutation]
  6067 | D:7      | Gained mutation: You are partially covered in iridescent
                  | scales. (AC +2) [potion of mutation]
  6067 | D:7      | Lost mutation: You have hidden genetic potential. [potion
                  | of mutation]
  6067 | D:7      | Gained mutation: Your flesh is cold resistant. (rC+)
                  | [potion of mutation]
  6094 | D:7      | Reached **** piety under Okawaru
  6347 | D:7      | Noticed Joseph
  6365 | D:7      | Killed Joseph
  6770 | D:7      | Reached skill level 13 in Short Blades
  6813 | D:7      | Noticed Jeremiah
  7118 | D:8      | Reached XP level 10. HP: 59/68 MP: 10/10
  7427 | D:8      | Noticed Pikel
  7434 | D:8      | Killed Pikel
  7435 | D:8      | Reached skill level 5 in Long Blades
  7611 | D:8      | Noticed Grum
  7636 | D:8      | Reached ***** piety under Okawaru
  7643 | D:8      | Killed Grum
  8037 | D:8      | Found a staircase to the Lair.
  8476 | D:9      | Noticed Psyche
  8483 | D:9      | Killed Psyche
  8530 | D:9      | Identified a scroll of acquirement
  8530 | D:9      | Acquired a +3 double sword of electrocution
  8806 | D:9      | Noticed Maggie
  8815 | D:9      | Killed Maggie
  8978 | D:10     | Entered Level 10 of the Dungeon
  8985 | D:10     | Noticed a kobold demonologist
  8990 | D:10     | Killed a kobold demonologist
  9135 | D:10     | Noticed Sonja
  9146 | D:10     | Killed an unseen horror
  9147 | D:10     | Reached skill level 1 in Evocations
  9147 | D:10     | Reached XP level 11. HP: 29/90 MP: 11/11
  9429 | D:10     | Killed Sonja
  9429 | D:10     | Received a gift from Okawaru
  9430 | D:10     | Reached skill level 1 in Armour
  9571 | D:10     | Noticed a cyclops
  9581 | D:10     | Killed a cyclops
  9582 | D:10     | Reached skill level 10 in Fighting
  9587 | D:10     | Found a staircase to the Orcish Mines.
  9702 | D:10     | Found a portal to a secret trove of treasure.
 10256 | D:11     | Identified the ring "Xuodinef" {rC++ Int-3 Dex+6}
 10262 | D:11     | Noticed a boulder beetle
 10271 | D:11     | HP: 2/136 [boulder beetle (10)]
 10272 | D:11     | Killed a boulder beetle
 10274 | D:11     | Shot with an arrow by a centaur

Illustrated notes

Levels and vault maps discovered:
D:1:      evilmike_arrival_rings, layout_loops_corners
D:2:      layout_rooms, serial_glass, glass_columns_b, glass_columns_a,
          glass_columns_a, glass_columns_b, glass_columns_a, glass_columns_b,
          uniq_jessica
D:3:      layout_loops_cross, jmf_multi_god_temple,
          hellmonk_ecumenical_altar_inner_sanctum, portal_sewer_entry_b,
          uniq_grinder
D:4:      layout_basic, mainiacjoe_overflow_paths,
          gammafunk_temple_overflow_forgotten, minmay_temple_entry_waves,
          serial_shops, shop, nicolae_book_shop_shelving, kennysheep_mini,
          nicolae_shop_crystal, nicolae_wormholes
D:5:      layout_gridville, uniq_sigmund
D:6:      minmay_diamond_boxcup, layout_cave_pools, minitemple,
          chequers_temple_overflow_minitemple
D:7:      layout_loops_ring, small_statue_intersection, dk_noncrumbling_4,
          uniq_joseph, uniq_jeremiah, uniq_duvessa
D:8:      layout_basic, lair_entry_dummy, uniq_grum, uniq_pikel
D:9:      layout_basic, uniq_maggie, uniq_psyche
D:10:     layout_rooms, erik_orc_3, nicolae_trove_entry_columns, uniq_sonja
D:11:     layout_loops_cross

Skill      XL: |  1  2  3  4  5  6  7  8  9 10 11 |
---------------+----------------------------------+-----
Throwing       | 2 3 |  3.1
Short Blades   | 1 2 5 6 8 11 13 | 13.0
Fighting       | 3 4 5 6 8 9 10 | 10.2
Long Blades    | 8 9 |  9.2
Evocations     | 1 3 |  3.9
Armour         | 2 |  2.6
Dodging        | |  2.6

Action                     |  1- 3 |  4- 6 |  7- 9 | 10-12 || total
---------------------------+-------+-------+-------+-------++-------
  Melee: Dagger            |    42 |   251 |   243 |   176 ||   712
         Long sword        |    32 |       |       |       ||    32
         Scimitar          |       |     8 |   269 |    86 ||   363
         Double sword      |       |       |       |   123 ||   123
         Unarmed           |       |       |       |     5 ||     5
  Throw: Javelin           |       |       |     1 |       ||     1
  Evoke: Wand              |       |     4 |    12 |     6 ||    22
    Use: Scroll            |       |     7 |       |     2 ||     9
         Potion            |       |     1 |    15 |     5 ||    21
   Stab: Sleeping          |       |       |     1 |       ||     1
         Paralysed         |       |       |       |     2 ||     2
 Armour: Leather armour    |    20 |    69 |    99 |       ||   188
         Skin              |       |     3 |    17 |     7 ||    27
         Scale mail        |       |       |    97 |   190 ||   287
  Dodge: Dodged            |    20 |    67 |   128 |    90 ||   305

Table legend: (Time is in decaauts)
 A = Elapsed time spent in this place.
 B = Non-inter-level travel time spent in this place.
 C = Inter-level travel time spent in this place.
 D = Time resting spent in this place.
 E = Time spent auto-exploring this place.
 F = Levels seen in this place.
 G = Mean time per level.
                   A        B        C        D        E       F      G
               +--------+--------+--------+--------+--------+-----+--------+
         Total |  10226 |   9913 |    313 |   1462 |   6719 |  12 |  852.2 |
       Dungeon |   9652 |   9339 |    313 |   1295 |   6511 |  11 |  877.5 |
         Sewer |    573 |    573 |      0 |    167 |    207 |   1 |  573.0 |
               +--------+--------+--------+--------+--------+-----+--------+

Top non-repeatable levels by time:
     D:8: 1269 daAuts
    D:10: 1193 daAuts
     D:6: 1095 daAuts
     D:7: 1036 daAuts
     D:1: 978 daAuts
     D:3: 975 daAuts
     D:5: 915 daAuts
     D:4: 835 daAuts
     D:9: 670 daAuts
     D:2: 599 daAuts
   Sewer: 573 daAuts
    D:11: 84 daAuts
